 Dungeon Crawl Stone Soup version 0.27-a0-1595-g0b823d0a13 (webtiles) character file.

Game seed: 5300855291320664673

93 LadonLegend the Ruffian (level 4, 0/45 HPs)
             Began as a Troll Monk on July 20, 2021.
             Succumbed to an orc priest's poison
             ... on level 3 of the Dungeon.
             The game lasted 00:02:28 (1354 turns).

LadonLegend the Ruffian (Troll Monk)                Turns: 1354, Time: 00:02:29

Health: 0/45       AC:  4    Str: 19    XL:     4   Next: 37%
Magic:  3/3        EV: 10    Int:  6    God:
Gold:   106        SH:  0    Dex: 13    Spells: 3/3 levels left

rFire    . . .     SeeInvis .     - Unarmed
rCold    . . .     Faith    .   (no shield)
rNeg     . . .     Spirit   .   a - +0 robe
rPois    .         Reflect  .   (helmet restricted)
rElec    .         Harm     .   (no cloak)
rCorr    .         Rampage  .   (gloves unavailable)
Will     .....                  (boots unavailable)
Stlth    ++........             (no amulet)
HPRegen  1.15/turn              (no ring)
MPRegen  0.08/turn              (no ring)

@: lethally poisoned (0 -> -1)
A: large, unfitting armour, claws 3, regeneration 1, shaggy fur 1, tough skin 1
a: no special abilities


You were on level 3 of the Dungeon.
You visited 1 branch of the dungeon, and saw 3 of its levels.

You collected 106 gold pieces.

Inventory:

Missiles
 i - a throwing net (quivered)
Armour
 a - a +0 robe (worn)
Jewellery
 f - a ring of positive energy
Scrolls
 b - a scroll of enchant armour {unknown}
 d - 2 scrolls of identify {unknown}
 e - a scroll of enchant weapon {unknown}
 g - a scroll of immolation {unknown}
 j - a scroll of teleportation {unknown}
 l - a scroll of vulnerability {unknown}
Potions
 c - 3 potions of curing {unknown}
 h - a potion of magic {unknown}
 k - 2 potions of cancellation {unknown}


   Skills:
 + Level 3.1 Fighting
 + Level 3.2 Dodging
 - Level 1.0 Stealth
 + Level 3.8 Unarmed Combat


You had 3 spell levels left.
You didn't know any spells.
Your spell library was empty.

Dungeon Overview and Level Annotations

Branches:
Dungeon (3/15)

Altars:


Innate Abilities, Weirdness & Mutations

You are too large for most types of armour.
You have claws for hands.
Your natural rate of healing is unusually fast.
You are covered in fur. (AC +1)
You have tough skin. (AC +1)


Message History

The orc priest is severely wounded.
The orc priest invokes the aid of Beogh against you.
Pain shoots through your body! The orc completely misses you.
You scratch the orc priest.
The orc priest is almost dead.
The orc priest hits you with a +1 short sword of venom.
You are poisoned.
You closely miss the orc priest.
The orc priest is almost dead.
You feel sick. The orc hits you but does no damage.
The orc priest hits you with a +1 short sword of venom.
You are more poisoned.
The orc hits you with a +2 short sword of speed.
The orc hits you with a +0 short sword.
You closely miss the orc priest.
The orc priest is almost dead.
You feel very sick.
The orc priest hits you but does no damage.
The orc barely misses you.
You scratch the orc priest but do no damage.
The orc priest is almost dead.
You feel very sick. The orc hits you with a +0 short sword.
The orc hits you with a +2 short sword of speed. x2
You are too injured to fight recklessly!
You are too injured to fight recklessly!
You are too injured to fight recklessly!
You are too injured to fight recklessly!
You are too injured to fight recklessly!
You feel very sick.
You feel sick.
The orc priest mumbles some strange prayers to Beogh against you.
Beogh smites you!
* * * LOW HITPOINT WARNING * * *
* * * LOW HITPOINT WARNING * * *
You feel sick.
* * * LOW HITPOINT WARNING * * *
You feel sick.
Found a scroll labelled CELYKU ROISS.
You die...

... ....... #.# #...#.
.# #. #.# #.... ... ..
#.# #...#...# #. ? #.#
#...#...# ##. #..####.#
#......... .. ........#
#.o.#....# #.
..###.@####oo.#....###.
.........o.oo...[.......
.................#..###.
######.##......#.#..# #.
#.##......#.#..###.
...................
.#.#.......#.#......
#.#.#.......#.#...#.. #
#.......#.#...#..


You could see 3 orcs.

Vanquished Creatures
  3 adders (D:2)
  A worm (D:2)
  A dart slug (D:1)
  4 endoplasms
  A giant cockroach (D:3)
  7 goblins
  6 hobgoblins
  8 jackals
  A quokka (D:2)
  4 ball pythons
  6 bats
  2 frilled lizards
  8 kobolds
  4 rats
56 creatures vanquished.

Notes
Turn   | Place    | Note
-------+----------+-------------------------------------------
     0 | D:1      | LadonLegend the Troll Monk began the quest for the Orb.
     0 | D:1      | Reached XP level 1. HP: 22/22 MP: 0/0
   113 | D:1      | Reached XP level 2. HP: 29/29 MP: 1/1
   218 | D:1      | Reached XP level 3. HP: 36/36 MP: 2/2
   244 | D:1      | Found a faded altar of an unknown god.
   680 | D:2      | Reached XP level 4. HP: 42/45 MP: 3/3
  1351 | D:3      | HP: 2/45 [orc priest/divine providence (12)]
  1354 | D:3      | Succumbed to an orc priest's poison

Illustrated notes

Levels and vault maps discovered:
D:1:      psy_arrival_dodecagon, layout_rooms, ebering_ecumenical_altar_rust
D:2:      layout_rooms, feat_on_display
D:3:      layout_basic, nicolae_overflow_crystal_walls, gammafunk_ghost_smash

Skill      XL: |  1  2  3 |
---------------+----------+-----
Dodging        | 3 |  3.2
Fighting       | 3 |  3.1
Stealth        | |  1.0
Unarmed Combat | |  3.8

Action                   |  1- 3 |  4- 6 || total
-------------------------+-------+-------++-------
Melee: Unarmed           |   127 |    30 ||   157
       Punch             |     3 |     1 ||     4
Armor: Robe              |    39 |     9 ||    48
Dodge: Dodged            |    55 |    15 ||    70

Table legend: (Time is in decaauts)
 A = Elapsed time spent in this place.
 B = Non-inter-level travel time spent in this place.
 C = Inter-level travel time spent in this place.
 D = Time resting spent in this place.
 E = Time spent auto-exploring this place.
 F = Levels seen in this place.
 G = Mean time per level.
                   A        B        C        D        E       F      G
               +--------+--------+--------+--------+--------+-----+--------+
         Total |   1343 |   1295 |     48 |      0 |    990 |   3 |  447.7 |
       Dungeon |   1343 |   1295 |     48 |      0 |    990 |   3 |  447.7 |
               +--------+--------+--------+--------+--------+-----+--------+

Top non-repeatable levels by time:
     D:1: 534 daAuts
     D:2: 496 daAuts
     D:3: 312 daAuts
